 Dungeon Crawl Stone Soup version 0.31-a0-1405-g2bb1a01664 (webtiles) character file.

Game seed: 5102344780798964951

620 BigPumpCobain the Ruffian (level 7, -3/60 (68) HPs)
             Began as a Troll Shapeshifter on Dec 25, 2023.
             Slain by a wight
             ... wielding a +1 halberd
              (14 damage)
             ... in an ossuary.
             The game lasted 00:05:13 (2579 turns).

BigPumpCobain the Ruffian (Troll Shapeshifter)      Turns: 2579, Time: 00:05:13

HP:   -3/60 (68)    AC:  4    Str: 25    XL:     7   Next: 22%
MP:   6/6           EV:  9    Int:  6    God:
Gold: 164           SH:  0    Dex:  9    Spells: 6/6 levels left

rFire   . .          .
                       - Unarmed
rCold   . . .        (no shield)
rNeg    . . .        a - +0 animal skin
rPois   .            (helmet currently unavailable)
rElec   .            (cloak currently unavailable)
rCorr   .            (gloves unavailable)
SInv    .            (boots unavailable)
Will    .....        (no amulet)
Stlth   +            (no ring)
HPRegen 1.10/turn    (no ring)
MPRegen 0.10/turn

%: no passive effects
@: beast-form, heavily drained
A: beast (slay +2), large, unfitting armour, claws 3, regeneration 1, shaggy fur
1, tough skin 1
a: Begin Untransformation


You were in an ossuary.
You were a hulking beast.
You visited 1 branch of the dungeon, and saw 4 of its levels.
You also visited: Ossuary.

You collected 164 gold pieces.

Inventory:

Armour
 a - a +0 animal skin (worn)
Jewellery
 u - a ring of protection from fire
Talismans
 c - a beast talisman
 d - a flux talisman
 o - a granite talisman
 t - a maw talisman
Wands
 m - a wand of flame (38)
Scrolls
 e - a scroll of revelation {unknown}
 h - a scroll of amnesia {unknown}
 j - 3 scrolls of identify {unknown}
 p - a scroll of fear {unknown}
 q - a scroll of poison {unknown}
 r - a scroll of teleportation {unknown}
 s - a scroll of noise {unknown}
Potions
 b - a potion of lignification
 f - 2 potions of ambrosia {unknown}
 g - a potion of mutation {unknown}
 i - 2 potions of heal wounds {unknown}
 k - 2 potions of berserk rage {unknown}
 l - a potion of might {unknown}
 n - 2 potions of cancellation {unknown}
 v - 2 potions of degeneration {unknown}
 w - a potion of curing {unknown}


   Skills:
 + Level 3.7 Fighting
 - Level 1.5 Dodging
 + Level 5.3 Unarmed Combat
 + Level 5.0 Shapeshifting


You had 6 spell levels left.
You didn't know any spells.
Your spell library contained the following spells:

 Spells                   Type           Power      Damage    Failure   Level
 Magic Dart               Conj           0%         1d3       45%         1
 Blink                    Tloc           0%         N/A       58%         2
 Call Imp                 Summ           0%         N/A       58%         2
 Manifold Assault         Tloc           0%         N/A       99%         4
 Dispersal                Tloc           0%         N/A       100%        6
 Disjunction              Tloc           0%         N/A       100%        8


Dungeon Overview and Level Annotations

Branches:
Dungeon (4/15)            Ossuary (1/1)
 Temple: D:4-7

Altars:

Shops:
D:3 *


Innate Abilities, Weirdness & Mutations

You are a hulking beast.
Your limbs bulge with bestial killing power. (Slay +2)
You are too large for most types of armour.
You have claws for hands.
Your natural rate of healing is unusually fast.
You are covered in fur. (AC +1)
You have tough skin. (AC +1)


Message History

You are too injured to fight recklessly!
You are too injured to fight recklessly!
You are too injured to fight recklessly!
You are too injured to fight recklessly!
You are too injured to fight recklessly!
You are too injured to fight recklessly!
You are too injured to fight recklessly!
You are too injured to fight recklessly!
You claw the burial acolyte!
The burial acolyte is heavily wounded.
The wight no longer looks unusually strong.
The wight is no longer moving quickly.
The burial acolyte hits you with a +0 dagger.
You claw the burial acolyte!
You kill the burial acolyte!
The kobold skeleton no longer looks unusually strong.
The kobold skeleton is no longer moving quickly.
You mangle the kobold skeleton!!
You destroy the kobold skeleton!
You swing at nothing.
The wight hits you from afar with a +1 halberd!
* * * LOW HITPOINT WARNING * * *
You feel drained.
* * * LOW HITPOINT WARNING * * *
You swing at nothing.
The wight barely misses you.
You swing at nothing.
The wight misses you.
You swing at nothing.
The wight hits you from afar with a +1 halberd!
* * * LOW HITPOINT WARNING * * *
You feel drained.
* * * LOW HITPOINT WARNING * * *
You swing at nothing.
The wight closely misses you.
You swing at nothing.
The wight hits you from afar with a +1 halberd.
* * * LOW HITPOINT WARNING * * *
You feel drained.
You swing at nothing.
The wight barely misses you.
You swing at nothing.
The wight hits you from afar with a +1 halberd!
You die...

#########################
#........................
#.∩.....................∩
#.......###########......
#......##...... ##.....
#.....##...#####. ##....
#....##...##...## ##...
#....#...##...!.# #...
#....'..h)z!!!!.. #...
#....#...##.!?..# #...
#....##...##...## ##...
#.....##...#####. ##....
#......##.... ##.....
#.......###########......
#.∩.....................∩
#........................
############'''##########


You could see a wight.

Vanquished Creatures
  Sigmund (D:2)
  A wight (Ossuary)
  A burial acolyte (Ossuary)
  A hound (D:4)
  Natasha (thrice) (D:2)
  3 orc wizards (D:3)
  A mummy (Ossuary)
  Robin (D:2)
  4 gnolls
  An adder (D:2)
  A worm (D:2)
  4 dart slugs
  6 orcs (D:3)
  A bat (D:3)
  9 endoplasms
  3 giant cockroaches
  13 goblins
  8 hobgoblins
  7 jackals
  4 quokkas
  A ball python (D:2)
  3 frilled lizards
  8 gnoll skeletons (Ossuary)
  4 kobolds
  5 kobold skeletons (Ossuary)
  9 orc skeletons (Ossuary)
  2 rats
105 creatures vanquished.

Notes
Turn   | Place    | Note
-------+----------+-------------------------------------------
     0 | D:1      | BigPumpCobain the Troll Shapeshifter began the quest for
                  | the Orb.
     0 | D:1      | Reached XP level 1. HP: 18/18 MP: 0/0
    51 | D:1      | Reached skill level 1 in Fighting
   111 | D:1      | Reached XP level 2. HP: 27/27 MP: 1/1
   257 | D:1      | Found a faded altar of an unknown god.
   586 | D:2      | Reached XP level 3. HP: 33/33 MP: 2/2
   631 | D:2      | Noticed Natasha
   640 | D:2      | Killed Natasha
   835 | D:2      | Reached XP level 4. HP: 36/42 MP: 3/3
   839 | D:2      | Noticed Robin
   861 | D:2      | Killed Robin
  1081 | D:2      | Noticed Natasha
  1089 | D:2      | Killed Natasha
  1185 | D:2      | Noticed Sigmund
  1194 | D:2      | Killed Sigmund
  1195 | D:2      | Reached XP level 5. HP: 30/52 MP: 4/4
  1195 | D:2      | Reached XP level 6. HP: 34/59 MP: 5/5
  1366 | D:2      | Noticed Natasha
  1373 | D:2      | Killed Natasha
  1621 | D:3      | Found Emiekh's General Store.
  2387 | D:4      | Reached skill level 5 in Unarmed Combat
  2403 | D:4      | Found a sand-covered staircase.
  2411 | Ossuary  | Entered an ossuary
  2480 | Ossuary  | Reached XP level 7. HP: 67/67 MP: 6/6
  2565 | Ossuary  | Reached skill level 5 in Shapeshifting
  2579 | Ossuary  | Slain by a wight

Illustrated notes

Levels and vault maps discovered:
D:1:      psy_arrival_terrarium, layout_loops_cross, basic_ecumenical_altar,
          minmay_pentomino_u2
D:2:      layout_loops_ring, serial_glass, glass_columns_a, glass_columns_c,
          grunt_ministairs_11, uniq_natasha, uniq_sigmund, uniq_robin
D:3:      minmay_angry_zag, layout_loops_ring, serial_shops, shop
D:4:      layout_gridville, lemuel_tele_altar,
          lightli_ossuary_entry_decrepit_ruins, uniq_duvessa
Ossuary:  ossuary_due_mausoleum

Skill      XL: |  1  2  3  4  5  6  7 |
---------------+----------------------+-----
Fighting       | 1 2 3 |  3.7
Unarmed Combat | 4 5 |  5.3
Shapeshifting  | 4 5 |  5.0
Dodging        | |  1.5

Action                     |  1- 3 |  4- 6 |  7- 9 || total
---------------------------+-------+-------+-------++-------
  Melee: Unarmed           |    68 |   135 |    24 ||   227
         Punch             |       |     3 |       ||     3
   Stab: Sleeping          |     2 |       |       ||     2
 Armour: Animal skin       |    42 |   104 |    16 ||   162
  Dodge: Dodged            |    28 |    53 |     7 ||    88

Table legend: (Time is in decaauts)
 A = Elapsed time spent in this place.
 B = Non-inter-level travel time spent in this place.
 C = Inter-level travel time spent in this place.
 D = Time resting spent in this place.
 E = Time spent auto-exploring this place.
 F = Levels seen in this place.
 G = Mean time per level.
                   A        B        C        D        E       F      G
               +--------+--------+--------+--------+--------+-----+--------+
         Total |   2558 |   2416 |    142 |      0 |   1907 |   5 |  511.6 |
       Dungeon |   2395 |   2253 |    142 |      0 |   1826 |   4 |  598.8 |
       Ossuary |    162 |    162 |      0 |      0 |     81 |   1 |  162.0 |
               +--------+--------+--------+--------+--------+-----+--------+

Top non-repeatable levels by time:
     D:2: 901 daAuts
     D:3: 868 daAuts
     D:1: 581 daAuts
 Ossuary: 162 daAuts
     D:4: 44 daAuts
